 Dungeon Crawl Stone Soup version 0.30-a0-141-g30f27751c5 (webtiles) character file.

Game seed: 17064724970050997365

7 Julmuri the Magician (level 2, -1/15 HPs)
             Began as a Tengu Hedge Wizard on Sept 25, 2022.
             Slain by a scorpion (3 damage)
             ... on level 2 of the Dungeon.
             The game lasted 00:01:21 (393 turns).

Julmuri the Magician (Tengu Hedge Wizard)            Turns: 393, Time: 00:01:22

Health: -1/15      AC:  2    Str: 10    XL:     2   Next: 4%
Magic:  0/7        EV: 12    Int: 14    God:
Gold:   31         SH:  0    Dex: 13    Spells: 6/7 levels left

rFire   . . .      SeeInvis .    a - +0 dagger
rCold   . . .      Faith    .    (no shield)
rNeg    . . .      Spirit   .    b - +0 robe
rPois   .          Reflect  .    c - +0 hat
rElec   .          Harm     .    (no cloak)
rCorr   .          Rampage  .    (no gloves)
Will    .....                    (boots unavailable)
Stlth   ++........               (no amulet)
HPRegen 0.05/turn                (no ring)
MPRegen 0.10/turn                (no ring)

@: lethally poisoned (-1 -> -6), very slightly contaminated
A: beak, talons 3
a: no special abilities


You were on level 2 of the Dungeon.
You visited 1 branch of the dungeon, and saw 3 of its levels.

You collected 31 gold pieces.

Inventory:

Hand Weapons
 a - a +0 dagger (weapon)
 f - a +0 short sword of venom
Armour
 b - a +0 robe (worn)
 c - a +0 hat (worn)
Scrolls
 e - a scroll of teleportation {unknown}
Potions
 d - a potion of magic


   Skills:
 + Level 2.2 Dodging
 + Level 2.1 Stealth
 + Level 3.1 Spellcasting
 + Level 2.0 Conjurations
 + Level 1.2 Summonings
 + Level 0.7 Translocations


You had 6 spell levels left.
You knew the following spells:

 Your Spells              Type           Power      Damage    Failure   Level
a - Magic Dart            Conj           28%        1d4       10%         1

Your spell library contained the following spells:

 Spells                   Type           Power      Damage    Failure   Level
 Call Imp                 Summ           5%         N/A       19%         2
 Slow                     Hex            8%         N/A       22%         1
 Blink                    Tloc           8%         N/A       24%         2
 Cigotuvi's Dreadful Rot  Necr/Pois/Air  4%         N/A       32%         2
 Mephitic Cloud           Conj/Pois/Air  4%         N/A       43%         3


Dungeon Overview and Level Annotations

Branches:
Dungeon (3/15)

Altars:


Innate Abilities, Weirdness & Mutations

You have a beak for a mouth.
You have claws for feet.


Message History

You kill the hobgoblin!
You have reached level 2!
You start resting.
Magic restored.
You see here a hobgoblin corpse.
HP restored.
You open the door.
There is an open door here.
Found a stone staircase leading up.
There is a stone staircase leading up here.
You climb upwards.
There is a stone staircase leading down here.
A scorpion comes into view.
The magic dart hits the scorpion.
The scorpion is lightly wounded.
You miscast Magic Dart.
You are very lightly contaminated with residual magic.
Nothing appears to happen.
The magic dart hits the scorpion.
The scorpion is moderately wounded.
You miscast Magic Dart.
Nothing appears to happen.
The magic dart hits the scorpion but does no damage.
The scorpion is moderately wounded.
The magic dart hits the scorpion but does no damage.
The scorpion is moderately wounded.
The scorpion stings you.
You are lethally poisoned!
The scorpion poisons you!
The magic dart hits the scorpion.
The scorpion is moderately wounded.
You feel very sick. The scorpion closely misses you.
You are out of magic!
You hit the scorpion. You claw the scorpion.
The scorpion is severely wounded.
You feel sick. The scorpion stings you.
* * * LOW HITPOINT WARNING * * *
* * * LOW HITPOINT WARNING * * *
You feel sick. The scorpion stings you.
You die...

#..#########
#.....>@s..#
#..######..#
.....
...#...
.....##
..#.## .....
..# ##


You could see a scorpion.

Vanquished Creatures
  An endoplasm (D:1)
  A goblin (D:1)
  3 hobgoblins
  A frilled lizard (D:1)
6 creatures vanquished.

Notes
Turn   | Place    | Note
-------+----------+-------------------------------------------
     0 | D:1      | Julmuri the Tengu Hedge Wizard began the quest for the Orb.
     0 | D:1      | Reached XP level 1. HP: 10/10 MP: 5/5
   239 | D:1      | You fall into a shaft and drop 1 floor!
   256 | D:3      | Reached XP level 2. HP: 9/15 MP: 0/7
   384 | D:2      | Noticed a scorpion
   393 | D:2      | Slain by a scorpion

Illustrated notes

Levels and vault maps discovered:
D:1:      amcnicky_arrival_wind_blow, layout_basic,
          shapermc_ecumenical_altar_hornbeckon, amcnicky_mini_pool_small
D:2:      layout_loops_ring, minmay_hexomino_c4, uniq_natasha, uniq_terence
D:3:      minmay_razor_zed, layout_basic, minivault_5, serial_bayou_lake_a

Skill      XL: |  1 |
---------------+----+-----
Conjurations   | 2 |  2.0
Dodging        | |  2.2
Stealth        | |  2.1
Spellcasting   | |  3.1
Summonings     | |  1.2
Translocations | |  0.7

Action                   || total
-------------------------++-------
Melee: Dagger            ||     1
       Kick              ||     1
 Cast: Magic Dart        ||    23
Armor: Robe              ||     2
Dodge: Dodged            ||     7

Table legend: (Time is in decaauts)
 A = Elapsed time spent in this place.
 B = Non-inter-level travel time spent in this place.
 C = Inter-level travel time spent in this place.
 D = Time resting spent in this place.
 E = Time spent auto-exploring this place.
 F = Levels seen in this place.
 G = Mean time per level.
                   A        B        C        D        E       F      G
               +--------+--------+--------+--------+--------+-----+--------+
         Total |    392 |    392 |      0 |     66 |    244 |   3 |  130.7 |
       Dungeon |    392 |    392 |      0 |     66 |    244 |   3 |  130.7 |
               +--------+--------+--------+--------+--------+-----+--------+

Top non-repeatable levels by time:
     D:1: 239 daAuts
     D:3: 131 daAuts
     D:2: 21 daAuts
